 Dungeon Crawl Stone Soup version 0.22.0-36-g8e74550 (webtiles) character file.

541 iamserjio the Ruffian (level 7, -3/66 HPs)
             Began as a Troll Fighter on Aug 24, 2018.
             Was an Initiate of Cheibriados.
             Slain by a sky beast (6 damage)
             ... on level 6 of the Dungeon.
             The game lasted 00:07:28 (1079 turns).

iamserjio the Ruffian (Troll Fighter)               Turns: 1079, Time: 00:07:29

Health: -3/66      AC:  5    Str: 31    XL:     7   Next: 5%
Magic:  6/6        EV: 13    Int: 11    God:    Cheibriados [......]
Gold:   155        SH: 10    Dex: 15    Spells: 4/6 levels left

rFire    . . .     SeeInvis .     - Unarmed
rCold    . . .     Gourm    +   b - +0 shield
rNeg     . . .     Faith    .   a - +0 robe
rPois    .         Spirit   .   (helmet restricted)
rElec    .         Reflect  .   (no cloak)
rCorr    .         Harm     .   (gloves unavailable)
MR       .....                  (boots unavailable)
Stlth    ++........             (no amulet)
HPRegen  0.61/turn              f - +4 ring of intelligence
MPRegen  0.10/turn              (no ring)

@: mighty, agile, lethally poisoned (-3 -> -3), very slow
A: large, unfitting armour, claws 3, fast metabolism 3, gourmand, regeneration
1, shaggy fur 1, tough skin 2
a: Bend Time, Renounce Religion


You were on level 6 of the Dungeon.
You worshipped Cheibriados.
Cheibriados was noncommittal.
You were not hungry.

You visited 2 branches of the dungeon, and saw 7 of its levels.

You collected 155 gold pieces.

Inventory:

Hand Weapons
 e - a +1 morningstar
 k - a +0 hand crossbow
 l - a +1 spear of flaming
 o - the +4 whip of a labyrinth {flame, rPois rC+, unknown}
   (You found it on level 4 of the Dungeon)

   It has been specially enchanted to burn those struck by it, causing extra
   injury to most foes and up to half again as much damage against particularly
   susceptible opponents.
   It protects you from cold.
   It protects you from poison.
Missiles
 m - 2 tomahawks of returning (quivered)
Armour
 a - a +0 robe (worn)
 b - a +0 shield (worn)
Jewellery
 f - a +4 ring of intelligence (left claw)
 n - an uncursed ring of protection from magic {unknown}
Wands
 i - a wand of iceblast (8)
Scrolls
 h - a scroll of random uselessness
Potions
 j - a potion of berserk rage
Comestibles
 d - 5 rations


   Skills:
 - Level 2.4 Fighting
 - Level 2.4 Dodging
 - Level 2.4 Shields
 + Level 7.8 Unarmed Combat


You had 4 spell levels left.
You knew the following spells:

 Your Spells              Type           Power        Failure   Level  Hunger
a - Blink                 Tloc           N/A          91%         2    ###....

Your spell library contained the following spells:

 Spells                   Type           Power        Failure   Level  Hunger
 Magic Dart               Conj           #...         82%         1    ##.....
 Call Imp                 Summ           #.......     91%         2    ###....
 Slow                     Hex            #.......     91%         2    ###....
 Conjure Flame            Conj/Fire      #.......     99%         3    ####...
 Mephitic Cloud           Conj/Pois/Air  #.......     99%         3    ####...


Dungeon Overview and Level Annotations

Branches:
Dungeon (6/15)             Temple (1/1) D:5

Altars:
Ashenzari
Cheibriados
Fedhas
Hepliaklqana
Kikubaaqudgha
Makhleb
Nemelex Xobeh
Okawaru
Qazlal
Ru
Sif Muna
Trog
Vehumet
Wu Jian
The Shining One


Innate Abilities, Weirdness & Mutations

You are too large for most types of armour.
You have claws for hands.
Your metabolism is lightning-fast.
You like to eat raw meat.
Your natural rate of healing is unusually fast.
You are covered in fur. (AC +1)
You have very tough skin. (AC +2)


Message History

Something hits you but does no damage.
Okay, then.
As you read the scroll labeled VOPY COMEICH, it crumbles to dust.
The scroll dissolves into smoke.
It was a scroll of fog.
The centaur shoots an arrow.
You block the arrow. Something hits you but does no damage.
As you read the scroll labeled EWAFEFR JISOO, it crumbles to dust.
It is a scroll of enchant weapon.
Your morningstar glows red for a moment.
The centaur shoots an arrow. x2; You block the arrow.
Something completely misses you.
As you read the scroll labeled GIGUOG MOGIGYTT, it crumbles to dust.
It is a scroll of amnesia.
Okay, then.
You feel sick.
A sky beast appears from thin air!
Reactivating autopickup.
The sky beast hits you.
* * * LOW HITPOINT WARNING * * *
The sky beast shocks you.
You die...

.... #.. .#. #... >.
#.#. .# #...#####.#
# #.....Y.# ##
#......# #
.########.....c###§#
............(.oY@§§#
.########..(..§#####
.## #.((..>#
..#######.##.###
#............#
..........####
###########


You could see a sky beast, a centaur and an orc.

Vanquished Creatures
  An ogre (D:5)
  An ice beast (D:5)
  A scorpion (D:5)
  4 hounds
  3 worker ants
  5 adders
  A howler monkey skeleton (D:4)
  3 oozes
  A worm (D:3)
  2 leopard geckos
  7 orcs
  4 giant cockroaches
  4 goblins
  3 hobgoblins
  5 jackals
  A quokka (D:3)
  A ball python (D:4)
  3 bats
  A frilled lizard (D:4)
  6 kobolds
  A quokka skeleton (D:4)
  4 rats
62 creatures vanquished.

Notes
Turn   | Place    | Note
-------+----------+-------------------------------------------
     0 | D:1      | iamserjio the Troll Fighter began the quest for the Orb.
     0 | D:1      | Reached XP level 1. HP: 22/22 MP: 0/0
   109 | D:2      | Reached skill level 3 in Unarmed Combat
   109 | D:2      | Reached XP level 2. HP: 13/29 MP: 1/1
   151 | D:1      | Reached XP level 3. HP: 14/36 MP: 2/2
   228 | D:2      | Reached skill level 4 in Unarmed Combat
   269 | D:3      | Reached XP level 4. HP: 29/44 MP: 3/3
   409 | D:4      | Reached skill level 5 in Unarmed Combat
   419 | D:4      | Reached XP level 5. HP: 44/50 MP: 4/4
   500 | D:4      | Noticed an ogre
   527 | D:5      | Entered Level 5 of the Dungeon
   592 | D:5      | Reached skill level 6 in Unarmed Combat
   657 | D:4      | Got an ancient whip
   679 | D:4      | Reached XP level 6. HP: 59/59 MP: 5/5
   728 | D:5      | Noticed an ice beast
   735 | D:5      | Killed an ice beast
   787 | D:5      | Found a deep blue altar of Sif Muna.
   822 | D:5      | Learned a level 2 spell: Blink
   895 | D:5      | Reached skill level 7 in Unarmed Combat
   899 | D:5      | Found a staircase to the Ecumenical Temple.
   915 | Temple   | Entered the Ecumenical Temple
   974 | Temple   | Became a worshipper of Cheibriados the Contemplative
  1019 | D:6      | Reached XP level 7. HP: 44/66 MP: 6/6
  1076 | D:6      | HP: 3/66 [centaur/arrow (8)]
  1079 | D:6      | Slain by a sky beast

Skill      XL: |  1  2  3  4  5  6 |
---------------+-------------------+-----
Unarmed Combat | 3 4 5 6 7 |  7.8
Fighting       | |  2.4
Dodging        | |  2.4
Shields        | |  2.4

Action                   |  1- 3 |  4- 6 |  7- 9 || total
-------------------------+-------+-------+-------++-------
Melee: Unarmed           |    95 |   123 |    15 ||   233
  Use: Scroll            |       |     4 |     3 ||     7
       Potion            |       |       |     3 ||     3
 Stab: Sleeping          |       |     1 |       ||     1
  Eat: Chunk             |       |     4 |     1 ||     5
       Ration            |       |     1 |       ||     1
Armor: Robe              |    29 |    29 |     7 ||    65
Dodge: Dodged            |    32 |    25 |    15 ||    72
Block: Shield            |    46 |    46 |    11 ||   103
